Map: Acid Plant LE

Players

gelous - Winner!

  • Race: Protoss Protoss
  • League: Diamond
  • Spawn Location: 11:00

Fargos

  • Race: Zerg Zerg
  • League: Platinum
  • Spawn Location: 5:00

VOD

Have the link to the VOD?

Description

Time

  • Played on: Aug. 6, 2018, 4:43 p.m.
  • Length: 16:50
Show
View Real Time Build Order
Export as new Build Order

gelous Protoss - Winner!

Build Orders: 1 Gate Expand, Phoenix Opening 

Get SALT Encoding   

  12  0:02  Probe  
  14  0:14  Probe  
  14  0:21  Pylon  
  14  0:26  Probe  
  15  0:39  Probe  
  15  0:41  Gateway  
  16  0:46  Assimilator  
  16  0:47  Probe  
  16  0:55  Probe  
  18  1:06  Probe  
  19  1:18  Probe  
  20  1:28  Nexus  
  20  1:40  Cybernetics Core  
  20  1:45  Probe  
  20  1:46  Assimilator  
  20  1:53  Probe  
  21  1:56  Pylon  
  22  2:03  Probe  
  23  2:11  Probe  
  23  2:12  Warp Gate  
  24  2:18  Gateway  
  24  2:21  Adept  
  26  2:29  Probe  
  27  2:49  Adept  
  28  2:57  Shield Battery  
  28  2:58  Probe  
  28  2:59  Probe  
  30  3:08  Probe  
  30  3:09  Stargate  
  30  3:10  Probe  
  32  3:16  Probe  
  32  3:17  Assimilator  
  32  3:22  Probe  
  32  3:25  Probe  
  35  3:35  Probe  
  35  3:36  Assimilator  
  35  3:37  Probe  
  37  3:45  Phoenix  
  37  3:47  Probe  
  38  3:49  Probe  
  38  3:51  Robotics Facility  
  41  4:00  Pylon  
  41  4:01  Probe  
  41  4:02  Probe  
  43  4:08  Oracle  
  46  4:18  Probe x2  
  48  4:27  Zealot  
  48  4:30  Probe x2  
  52  4:43  Probe  
  52  4:44  Probe  
  54  4:47  Nexus  
  54  4:49  Pylon  
  54  5:07  Probe x2  
  56  5:15  Immortal  
  53  5:21  Probe  
  53  5:22  Probe  
  59  5:30  Probe  
  59  5:33  Probe  
  61  5:38  Probe  
  62  5:45  Twilight Council  
  62  5:48  Gateway  
  62  5:50  Gateway  
  62  5:51  Gateway x2  
  62  5:55  Probe  
  62  5:58  Phoenix  
  62  5:59  Probe  
  62  6:00  Shield Battery, Pylon  
  62  6:01  Probe  
  67  6:05  Probe  
  67  6:11  Probe  
  69  6:12  Adept x2  
  69  6:13  Probe  
  69  6:18  Probe  
  73  6:23  Probe  
  74  6:25  Probe  
  74  6:29  Probe  
  77  6:35  Immortal, Probe  
  77  6:37  Probe x2  
  77  6:39  Robotics Bay  
  83  6:47  Probe  
  84  6:54  Phoenix  
  79  7:03  Adept x2  
  79  7:04  Adept  
  76  7:17  Colossus  
  76  7:19  Adept  
  76  7:20  Adept x2  
  84  7:32  Probe  
  84  7:34  Robotics Facility  
  85  7:41  Pylon  
  85  7:44  Pylon  
  85  7:46  Assimilator  
  85  7:50  Pylon  
  85  7:51  Assimilator  
  85  7:54  Gateway  
  85  7:55  Probe  
  85  7:56  Gateway  
  85  7:57  Gateway  
  85  7:59  Probe x2, Pylon  
  88  8:05  Phoenix  
  88  8:07  Probe  
  88  8:11  Colossus, Probe  
  92  8:12  Sentry  
  92  8:13  Sentry x2  
  92  8:18  Extended Thermal Lance  
  110  8:28  Probe  
  107  8:37  Stalker x4  
  104  8:44  Stalker x3  
  98  9:08  Stalker x2  
  98  9:09  Stalker x2  
  103  9:10  Stalker  
  93  9:26  Colossus  
  91  9:31  Probe  
  91  9:32  Probe  
  91  9:33  Probe  
  91  9:36  Pylon  
  94  9:39  Probe  
  94  9:40  Pylon  
  94  9:44  Probe  
  94  9:45  Pylon, Probe  
  97  9:46  Warp Prism  
  97  9:47  Probe  
  100  9:56  Forge  
  100  9:57  Probe  
  77  10:33  Adept x5  
  77  10:34  Adept x4  
  95  10:38  Probe  
  95  10:42  Probe  
  97  10:50  Photon Cannon, Probe  
  97  10:52  Photon Cannon  
  97  10:55  Photon Cannon  
  97  10:56  Shield Battery  
  98  10:58  Zealot  
  98  10:59  Shield Battery, Zealot  
  98  11:00  Zealot  
  98  11:01  Zealot  
  98  11:24  Pylon, Probe x2  
  98  11:25  Probe  
  101  11:34  Zealot  
  101  11:35  Probe  
  104  11:45  Gateway  
  104  11:57  Photon Cannon, Probe  
  104  11:59  Protoss Ground Armor Level 1  
  105  12:04  Probe x2  
  105  12:05  Probe  
  105  12:07  Forge  
  108  12:16  Blink, Probe x3  
  108  12:19  Templar Archives  
  108  12:21  Gateway  
  111  12:28  Probe  
  112  12:30  Probe  
  112  12:34  Probe  
  114  12:38  Phoenix  
  114  12:40  Probe  
  114  12:42  Protoss Ground Weapons Level 1  
  117  12:48  Immortal x2  
  125  12:59  Pylon  
  125  13:01  Pylon  
  125  13:02  Pylon  
  125  13:12  Pylon  
  125  13:13  Pylon  
  125  13:16  Nexus, Pylon  
  125  13:17  Phoenix, Probe  
  128  13:20  Pylon  
  128  13:21  Pylon  
  128  13:23  High Templar  
  128  13:24  High Templar x7, Assimilator  
  128  13:25  High Templar  
  146  13:27  Archon  
  146  13:28  Archon x3, Assimilator  
  146  13:32  Pylon  
  146  13:47  Photon Cannon  
  146  13:49  Photon Cannon  
  146  13:52  Photon Cannon, Shield Battery  
  146  13:54  Shield Battery  
  146  13:56  High Templar x5  
  146  13:57  Photon Cannon, High Templar x5  
  146  14:00  Archon x3  
  146  14:01  Archon x2  
  166  14:06  Resonating Glaives  
  166  14:28  Protoss Shields Level 1  
  166  14:29  Protoss Ground Weapons Level 2  
  166  14:34  Zealot x2  
  166  14:35  Zealot x3  
  176  15:06  Photon Cannon  
  176  15:07  Photon Cannon  
  176  15:11  Probe  
  176  15:12  Photon Cannon, Shield Battery  
  177  15:14  Gateway  
  177  15:15  Phoenix  
  179  15:22  Probe  
  179  15:23  Fleet Beacon, Probe  
  181  15:32  Stalker x4  
  181  15:33  Stalker x2  
  181  15:34  Zealot x3  
  199  16:25  Adept x5  
  177  16:26  Adept  
Show
View Real Time Build Order
Export as new Build Order

Fargos Zerg 

Build Orders: Hatch First, Muta Ling Bane 

Get SALT Encoding   

  12  0:01  Drone  
  13  0:13  Overlord  
  13  0:17  Drone  
  14  0:32  Drone x2  
  16  0:50  Hatchery  
  16  0:53  Drone  
  17  0:57  Drone  
  17  1:00  Extractor  
  16  1:07  Drone  
  17  1:20  Spawning Pool  
  17  1:25  Drone x2  
  18  1:37  Drone  
  19  1:42  Overlord  
  19  1:52  Overlord  
  19  2:01  Drone  
  19  2:08  Queen  
  20  2:11  Queen  
  24  2:19  Metabolic Boost  
  24  2:23  Zergling x2  
  24  2:24  Zergling x2  
  26  2:37  Drone  
  26  2:38  Drone x3  
  30  2:49  Queen  
  32  3:04  Zergling x4  
  34  3:10  Drone x3  
  34  3:11  Drone  
  38  3:36  Drone x2  
  38  3:37  Drone  
  38  3:38  Drone x3, Spore Crawler  
  38  3:40  Hatchery  
  42  3:46  Lair  
  42  3:52  Extractor, Baneling Nest  
  40  4:10  Spore Crawler  
  40  4:15  Spore Crawler  
  38  4:19  Overlord x2  
  38  4:28  Zergling x6  
  38  4:29  Extractor, Zergling x4  
  42  4:48  Drone x3  
  42  4:49  Drone x2  
  47  4:57  Hatchery  
  44  5:31  Spire  
  43  5:38  Drone x4  
  43  5:39  Drone x4  
  51  5:44  Extractor  
  50  6:00  Spine Crawler  
  47  6:27  Zergling x10  
  47  6:28  Zergling x8  
  56  6:36  Drone x3  
  56  6:37  Drone, Overlord x2  
  56  6:38  Overlord  
  58  6:56  Mutalisk  
  58  6:57  Mutalisk x9  
  69  7:28  Mutalisk x4  
  77  7:33  Zergling x6  
  77  7:34  Zergling x14  
  77  7:35  Zergling x2  
  88  7:42  Baneling x4  
  88  8:02  Overlord x3  
  88  8:07  Centrifical Hooks  
  88  8:20  Zergling x4  
  88  8:21  Zergling x2  
  88  8:22  Zergling x14  
  88  8:23  Zergling x12  
  89  9:13  Zergling x8  
  89  9:14  Zergling x40  
  87  9:34  Baneling x2  
  87  9:35  Baneling x7  
  87  9:36  Baneling x6  
  83  9:44  Evolution Chamber  
  83  9:45  Evolution Chamber  
  81  10:03  Zergling x2  
  81  10:04  Zergling x22  
  81  10:05  Zergling x2  
  70  10:32  Baneling x3  
  70  10:33  Baneling x6  
  70  10:34  Baneling  
  70  10:42  Drone x2  
  72  10:43  Drone x3  
  72  10:44  Hydralisk Den  
  72  10:47  Baneling x3  
  72  10:48  Baneling x9  
  72  10:49  Baneling x2  
  44  11:19  Hydralisk  
  44  11:20  Hydralisk x8  
  62  11:38  Zerg Missile Weapons Level 1  
  62  11:48  Muscular Augments  
  62  11:50  Hatchery  
  62  11:52  Hydralisk x2  
  62  11:53  Hydralisk  
  67  11:58  Zergling x6  
  70  12:20  Hydralisk  
  70  12:21  Hydralisk x4  
  80  12:33  Corruptor  
  82  12:57  Hydralisk  
  82  12:58  Hydralisk x3  
  90  13:10  Corruptor  
  92  13:31  Zergling x18  
  92  13:32  Zergling x2  
  102  13:37  Zerg Melee Weapons Level 1  
  102  13:48  Baneling x5  
  102  13:58  Hydralisk x3  
  102  13:59  Hydralisk x2  
  102  14:02  Overlord  
  107  14:26  Grooved Spines  
  107  14:29  Infestation Pit  
  107  14:31  Baneling x8  
  106  14:32  Baneling x8  
  106  14:33  Baneling x4  
  106  14:35  Hydralisk x2  
  110  14:48  Evolution Chamber  
  109  14:55  Extractor  
  108  15:10  Hive, Nydus Network, Hatchery  
  106  15:15  Pneumatized Carapace  
  106  15:23  Drone x2  
  106  15:24  Drone x4  
  106  15:26  Overlord x3  
  112  15:58  Corruptor x2  
  116  16:12  Zergling x20  
  116  16:13  Zergling x12  
Tags
 
Add a new tag
Caveats
  • Supply blocks, unpowered buildings, or Contaminate may cause inaccurate times.
  • Supply counts are checked every 10 seconds.